 Dungeon Crawl Stone Soup version 0.31-a0-192-ga50d7bf3bb (webtiles) character file.

Game seed: 17910379292847187466

102 qw the Shooter (level 4, -9/25 HPs)
             Began as a Deep Elf Hunter on June 23, 2023.
             Mangled by an ogre
             ... wielding a +0 giant club
              (10 damage)
             ... on level 3 of the Dungeon.
             The game lasted 00:00:51 (2199 turns).

qw the Shooter (Deep Elf Hunter)                    Turns: 2199, Time: 00:00:52

Health: -9/25      AC: 10    Str: 10    XL:     4   Next: 49%
Magic:  6/6        EV: 11    Int: 14    God:
Gold:   125        SH:  0    Dex: 21    Spells: 3/3 levels left

rFire   . . .        k - +1 triple crossbow (heavy)
rCold   + . .        (shield currently unavailable)
rNeg    . . .        b - +2 ring mail {rC+}
rPois   .            e - +1 hat "Uweit" {rElec Dex+3}
rElec   +            (no cloak)
rCorr   .            d - +1 pair of gloves
SInv    .            (no boots)
Will    .....        (no amulet)
Stlth   +            (no ring)
HPRegen 0.24/turn    (no ring)
MPRegen 0.10/turn

%: no passive effects
@: no status effects
A: no striking features
a: no special abilities


You were on level 3 of the Dungeon.
You visited 1 branch of the dungeon, and saw 4 of its levels.

You collected 125 gold pieces.


   Skills:
 - Level 1.5 Fighting
 + Level 7.9 Ranged Weapons
 - Level 2.4 Dodging
 - Level 1.2 Stealth


You had 3 spell levels left.
You didn't know any spells.
Your spell library was empty.

Inventory:

Hand Weapons
 k - a +1 heavy triple crossbow (weapon)
Armour
 b - a +2 ring mail of cold resistance (worn)
 d - a +1 pair of gloves (worn)
 e - the +1 hat "Uweit" (worn) {rElec Dex+3}
   (You acquired it on level 3 of the Dungeon)

   Dex:       It affects your dexterity (+3).
   rElec:     It insulates you from electricity.
Scrolls
 g - a scroll of identify
Potions
 a - 2 potions of curing
 i - a potion of magic {unknown}
 j - a potion of degeneration {unknown}
 m - a potion of mutation {unknown}

Dungeon Overview and Level Annotations

Branches:
Dungeon (4/15)
 Temple: D:4-7

Altars:
Wu Jian


Message History

Done exploring.
2161 ||| DROPPING potion of attraction.
You drop a potion of attraction.
Done exploring.
2162 ||| DROPPING potion of lignification.
You drop a potion of lignification.
Done exploring.
(D) Dungeon
Where to? (* - list waypoints, Enter - D:3, ? - help)
What level of the Dungeon? (default 1, ? - help)
There is a stone staircase leading down here.
You climb downwards.
The ogre shouts!
There is a stone staircase leading up here.
An ogre is nearby!
Waypoint 3 assigned to D:4.
You shoot a bolt. The bolt closely misses the ogre.
You hear a shout!
An ogre comes into view. It is wielding a +0 giant spiked club.
The ogre hits you with a +0 giant club!
2196 ||| STAIRDANCE You climb upwards.
There is a stone staircase leading down here.
Enter note:
Enter note:
Enter note:
Enter note:
Enter note:
Enter note:
Enter note:
Enter note:
Enter note:
Enter note:
Enter note:
Enter note: You shoot a bolt.
The bolt completely misses the ogre.
The ogre hits you with a +0 giant club!!
Ouch! That really hurt!
The ogre barely misses you.
You shoot a bolt. The bolt barely misses the ogre.
The ogre hits you with a +0 giant club!
You die...

....)....._#..# #.#
#.# #...#...#..##.##
#.# #.#
...........##..#
##.####.#
##############.#
##.......# #....#
#.###..####### #....#
#.##..## #
##....###..#.## #
#............########
#
#.....###..@O.......#
### # #.)...#
#.#########.# #.. #
#.....# #.# #.# #.# #
#.....# #.# #.# #.# #
#.##### #.#
#.######.# # #.#
#.#########......#..
# #.#
#.........######.###
# #.# #########.#
#.#<. # #.# #.# #.#.#


You could see an ogre.

Vanquished Creatures
  3 adders
  3 orcs (D:3)
  3 ball pythons
  8 bats
  4 endoplasms
  2 giant cockroaches
  6 goblins
  7 hobgoblins
  10 jackals
  3 quokkas
  3 frilled lizards
  6 kobolds
  5 rats
63 creatures vanquished.

Notes
Turn   | Place    | Note
-------+----------+-------------------------------------------
     0 | D:1      | qw the Deep Elf Hunter began the quest for the Orb.
     0 | D:1      | Reached XP level 1. HP: 12/12 MP: 3/3
     0 | D:1      | 0 ||| qw: Version: 0.3-a-9-g12657ce
     0 | D:1      | 0 ||| qw: Game counter: 4556
     0 | D:1      | 0 ||| qw: Always use a shield: true
     0 | D:1      | 0 ||| qw: God list: Okawaru
     0 | D:1      | 0 ||| qw: Allow faded altars: false
     0 | D:1      | 0 ||| qw: Do Orc after D:15 true
     0 | D:1      | 0 ||| qw: Do second Lair branch before Depths: true
     0 | D:1      | 0 ||| qw: Lair rune preference: random
     0 | D:1      | 0 ||| qw: Plans: Normal
     0 | D:1      | 0 ||| PLANNING D:1-11
   192 | D:1      | Reached XP level 2. HP: 16/16 MP: 4/4
   325 | D:1      | Reached skill level 6 in Ranged Weapons
   376 | D:1      | 376 ||| UPGRADING to +0 ring mail.
   386 | D:1      | 386 ||| DROPPING +0 leather armour.
   387 | D:1      | 387 ||| DROPPING ring of flight.
   388 | D:1      | 388 ||| READING scroll labelled MIUNGE TUZAMOI.
   389 | D:1      | 389 ||| READING 2 scrolls labelled ALYTREHUUFF.
   390 | D:1      | 390 ||| READING scroll labelled JEPITU MUCU.
   391 | D:1      | 391 ||| DROPPING scroll of butterflies.
   582 | D:2      | Reached XP level 3. HP: 20/20 MP: 5/5
   723 | D:2      | Reached skill level 7 in Ranged Weapons
  1083 | D:2      | 1083 ||| UPGRADING to +2 ring mail of cold resistance.
  1093 | D:2      | 1093 ||| DROPPING +0 ring mail.
  1094 | D:2      | 1094 ||| READING 2 scrolls of identify.
  1094 | D:2      | 1094 ||| IDENTIFYING orange potion
  1208 | D:3      | Reached XP level 4. HP: 25/25 MP: 6/6
  1759 | D:3      | Found an ornate altar of the Wu Jian Council.
  1897 | D:3      | 1897 ||| DROPPING +1 sling of freezing.
  2099 | D:3      | 2099 ||| UPGRADING to +0 helmet.
  2104 | D:3      | 2104 ||| UPGRADING to +1 pair of gloves.
  2109 | D:3      | 2109 ||| READING 3 scrolls labelled UGAECW TUMP.
  2109 | D:3      | Identified 3 scrolls of acquirement
  2109 | D:3      | 2109 ||| ACQUIRING +2 heavy longbow
  2109 | D:3      | Acquired a +2 heavy longbow
  2111 | D:3      | 2111 ||| SWAPPING to +2 heavy longbow.
  2112 | D:3      | 2112 ||| DROPPING +0 shortbow.
  2113 | D:3      | 2113 ||| READING 2 scrolls of acquirement.
  2113 | D:3      | 2113 ||| ACQUIRING +1 heavy triple crossbow
  2113 | D:3      | Acquired a +1 heavy triple crossbow
  2114 | D:3      | 2114 ||| READING scroll of acquirement.
  2114 | D:3      | 2114 ||| ACQUIRING +1 hat "Uweit" {rElec Dex+3}
  2114 | D:3      | Acquired the +1 hat "Uweit" {rElec Dex+3}
  2116 | D:3      | 2116 ||| SWAPPING to +1 heavy triple crossbow.
  2117 | D:3      | 2117 ||| UPGRADING to +1 hat "Uweit" {rElec Dex+3}.
  2127 | D:3      | 2127 ||| DROPPING +0 helmet.
  2128 | D:3      | 2128 ||| DROPPING +2 heavy longbow.
  2129 | D:3      | 2129 ||| DRINKING 2 inky potions.
  2160 | D:3      | 2160 ||| READING 2 scrolls of identify.
  2160 | D:3      | 2160 ||| IDENTIFYING fizzy golden potion
  2161 | D:3      | 2161 ||| DROPPING potion of attraction.
  2162 | D:3      | 2162 ||| DROPPING potion of lignification.
  2194 | D:4      | Noticed an ogre
  2195 | D:4      | Noticed an ogre
  2196 | D:4      | 2196 ||| STAIRDANCE
  2198 | D:3      | HP: 1/25 [ogre/+0 giant club (19)]
  2199 | D:3      | Mangled by an ogre

Levels and vault maps discovered:
D:1:      tarquinn_simple_flora_water_a, layout_basic
D:2:      layout_loops_cross
D:3:      layout_basic, lemuel_coloured_pillars_altar
D:4:      layout_rooms, nicolae_kikubaaqudgha_miasma_corner,
          mainiacjoe_overflow_24_doors, minmay_temple_entry_junction,
          serial_bayou_pond_d

Skill      XL: |  1  2  3 |
---------------+----------+-----
Ranged Weapons | 6 7 |  7.9
Fighting       | |  1.5
Dodging        | |  2.4
Stealth        | |  1.2

Action                     |  1- 3 |  4- 6 || total
---------------------------+-------+-------++-------
   Fire: Shortbow          |   118 |    58 ||   176
         Triple crossbow   |       |     3 ||     3
    Use: Scroll            |     4 |     4 ||     8
         Potion            |       |     1 ||     1
 Armour: Ring mail         |    17 |    14 ||    31
  Dodge: Dodged            |    55 |    24 ||    79

Table legend:
 A = Non-vault XP
 B = Vault XP
 C = Vault XP percentage of total XP
 D = Non-vault monster count
 E = Vault monster count
 F = Vault count percentage of total count
                 A         B        C        D         E       F
            +---------+---------+-------+---------+---------+-------
      Total |     146 |       0 |   0.0 |      63 |       0 |   0.0
            +---------+---------+-------+---------+---------+-------
        D:1 |      15 |       0 |   0.0 |       9 |       0 |   0.0
        D:2 |      76 |       0 |   0.0 |      30 |       0 |   0.0
        D:3 |      55 |       0 |   0.0 |      24 |       0 |   0.0
            +---------+---------+-------+---------+---------+-------
